 Dungeon Crawl Stone Soup version bcrawl-1.15.1 (webtiles) character file.

Game seed: 16039271499275196450

1064 aidenn the Cudgeler (level 8, -4/63 HPs)
             Began as a Minotaur Fighter on Sept 27, 2019.
             Was a Believer of Hepliaklqana.
             Slain by a freezing wraith (16 damage)
             ... led by a death knight
             ... on level 6 of the Dungeon.
             The game lasted 00:15:36 (4703 turns).

aidenn the Cudgeler (Minotaur Fighter)              Turns: 4703, Time: 00:15:36

Health: -4/63      AC: 13    Str: 21    XL:     8   Next: 6%
Magic:  8/8        EV:  7    Int:  2    God:    Hepliaklqana [**....]
Gold:   393        SH: 10    Dex: 10    Spells: 7/7 levels left

rFire    + . .     SeeInvis .   C - +3 mace of Painful Death {freeze, rC- MR+++ Int-5 Stlth+}
rCold    x x .     Gourm    .   c - +0 shield
rNeg     . . .     Faith    .   D - +0 chain mail
rPois    .         Spirit   .   (helmet restricted)
rElec    .         Reflect  .   (no cloak)
rCorr    +         Harm     .   o - +1 pair of gloves
MR       +++..                  t - +0 pair of boots
Stlth    ..........             (no amulet)
HPRegen  0.20/turn              n - ring of fire
MPRegen  0.11/turn              q - ring of resist corrosion

@: no status effects
A: retaliatory headbutt, reduced essence, horns 2
a: Recall Ancestor, Ancestor Identity, Renounce Religion


You were on level 6 of the Dungeon.
You worshipped Hepliaklqana.
Hepliaklqana was pleased with you.
You were not hungry.

You visited 2 branches of the dungeon, and saw 7 of its levels.

You collected 393 gold pieces.

Inventory:

Hand Weapons
 a - a +0 flail
 b - a +0 hunting sling
 w - the +7 short sword of Understanding {pierce, rC+}
   (You found it on level 5 of the Dungeon)

   It inflicts extra damage upon your enemies.
   It protects you from cold.
 C - the +3 mace of Painful Death (weapon) {freeze, rC- MR+++ Int-5 Stlth+}
   (You found it on level 5 of the Dungeon)

   It has been specially enchanted to freeze those struck by it, causing extra
   injury to most foes and up to half again as much damage against particularly
   susceptible opponents.
   It can also slow down cold-blooded creatures.
   It affects your intelligence (-5).
   It makes you vulnerable to cold.
   It affects your resistance to hostile enchantments.
   It makes you more stealthy.
Missiles
 i - 987 stones (quivered)
 m - 441 bolts
Armour
 c - a +0 shield (worn)
 o - a +1 pair of gloves (worn)
 t - a +0 pair of boots (worn)
 D - a +0 chain mail (worn)
Jewellery
 n - a ring of fire (left hand)
 q - a ring of resist corrosion (right hand)
Wands
 s - a wand of clouds (6)
 y - a wand of flame (17)
 B - a wand of polymorph (11)
Scrolls
 j - 5 scrolls of identify {unknown}
 k - 2 scrolls of immolation {unknown}
 l - 3 scrolls of remove curse {unknown}
 p - a scroll of blinking {unknown}
 A - a scroll of teleportation {unknown}
Potions
 d - 2 potions of might
 g - 2 potions of agility {unknown}
 h - 2 potions of heal wounds {unknown}
 r - 4 potions of curing {unknown}
 u - 2 potions of lignification {unknown}
 v - a potion of magic {unknown}
 x - a potion of haste {unknown}
Comestibles
 f - 5 rations {!d}
 z - 8 chunks of flesh


   Skills:
 + Level 6.1 Fighting
 * Level 7.6 Maces & Flails
 + Level 5.0 Armour
 + Level 3.0 Dodging
 + Level 5.0 Shields
 + Level 2.6 Invocations


You had 7 spell levels left.
You didn't know any spells.
Your spell library contained the following spells:

 Spells                   Type           Power        Failure   Level  Hunger
 Beastly Appendage        Tmut           #.....       100%        1    ##.....
 Sticks to Snakes         Tmut           #.......     100%        2    ###....
 Spider Form              Tmut/Pois      #..          100%        3    ####...
 Ice Form                 Ice/Tmut       #.......     100%        4    #####..
 Blade Hands              Tmut           #.........   100%        5    ######.


Dungeon Overview and Level Annotations

Branches:
Dungeon (6/12)             Temple (1/1) D:4

Altars:
Ashenzari
Cheibriados
Dithmenos
Elyvilon
Fedhas
Hepliaklqana
Lugonu
Makhleb
Nemelex Xobeh
Qazlal
Ru
Sif Muna
Trog
Uskayaw
Vehumet
Wu Jian
Xom
Zin
The Shining One


Innate Abilities, Weirdness & Mutations

You reflexively headbutt those who attack you in melee.
You have a pair of horns on your head.
Your life essence is reduced to manifest your ancestor. (-10% HP)


Message History

* * * LOW HITPOINT WARNING * * *
You swap places.
Ara hits the phantasmal warrior but does no damage.
You block the phantasmal warrior's attack.
Ara hits the phantasmal warrior but does no damage.
The phantasmal warrior blinks!
Ara hits the phantasmal warrior but does no damage.
The phantasmal warrior blinks!
The phantasmal warrior closely misses you.
Found an emerald potion.
The phantasmal warrior blinks!
The phantasmal warrior blinks!
The phantasmal warrior blinks!
Something closely misses Ara.
The phantasmal warrior blinks!
You swap places.
The phantasmal warrior blinks!
You closely miss the freezing wraith. The freezing wraith hits you.
* * * LOW HITPOINT WARNING * * *
The freezing wraith freezes you!
You feel a terrible chill!
You die...

#..##..##W#.#
#....#.#.##.#
##W##.#.########.#....#
#.##.#..........#.####
#..#.############.#
##.#.# #.#########
#.WW#### #.##......#
##..R..# #.##.##.###
#..##W#########.##.##.#
##.##.pW@.R...#.##.##.#
#.!#########W#.......#
#..# ####.#..# #..#
#....#..# ##.#
##.###..# .# #.# #..#
#.# #..# #.###..#
#.#....#


You could see the friendly Ara the hexer, a death knight, a phantasmal warrior,
a freezing wraith and a wraith.

Vanquished Creatures
  2 ogres
  A scorpion (D:5)
  3 killer bees (D:4)
  A howler monkey (D:5)
  3 crimson imps
  A centaur skeleton (D:4)
  A centaur zombie (D:5)
  A jelly (D:6)
  A hound (D:5)
  3 orc wizards
  A bullfrog skeleton (D:4)
  2 worker ants
  2 adders
  A howler monkey skeleton (D:5)
  An ooze (D:3)
  A worm (D:2)
  2 dart slugs
  A leopard gecko (D:3)
  4 orcs
  A giant cockroach (D:1)
  7 goblins
  9 hobgoblins
  16 jackals
  3 quokkas
  A bat (D:2)
  4 frilled lizards
  5 kobolds
  5 rats (D:1)
83 creatures vanquished.

Vanquished Creatures (collateral kills)
  A sky beast (D:4)
  A jelly (D:5)
  An orc wizard (D:5)
  An adder (D:4)
  6 orcs
  2 jackals
12 creatures vanquished.

Vanquished Creatures (others)
  4 ancestors
4 creatures vanquished.

Grand Total: 99 creatures vanquished

Notes
Turn   | Place    | Note
-------+----------+-------------------------------------------
     0 | D:1      | aidenn the Minotaur Fighter began the quest for the Orb.
     0 | D:1      | Reached XP level 1. HP: 19/19 MP: 0/0
    44 | D:1      | Reached skill level 3 in Maces & Flails
    94 | D:1      | Reached XP level 2. HP: 27/27 MP: 1/1
   575 | D:2      | Reached XP level 3. HP: 30/33 MP: 2/2
   597 | D:2      | Reached skill level 4 in Maces & Flails
   823 | D:2      | Found a stormy altar of Qazlal.
   873 | D:2      | Reached XP level 4. HP: 38/41 MP: 3/3
  1338 | D:3      | Found a shimmering altar of Xom.
  1493 | D:3      | Found a hazy altar of Hepliaklqana.
  1493 | D:3      | Found a shattered altar of Ashenzari.
  1509 | D:3      | Became a worshipper of Hepliaklqana the Forgotten
  1559 | D:3      | Found a corrupted altar of Lugonu.
  1663 | D:3      | Reached skill level 5 in Maces & Flails
  1992 | D:4      | Reached skill level 5 in Fighting
  1992 | D:4      | Reached XP level 5. HP: 22/43 MP: 4/4
  2175 | D:4      | Reached skill level 6 in Maces & Flails
  2175 | D:4      | Reached skill level 1 in Dodging
  2175 | D:4      | Reached XP level 6. HP: 17/50 MP: 5/5
  2735 | D:4      | Reached skill level 1 in Invocations
  2819 | D:4      | Noticed a sky beast
  2821 | D:4      | Found a staircase to the Ecumenical Temple.
  2827 | D:4      | Killed a sky beast
  2836 | Temple   | Entered the Ecumenical Temple
  3037 | D:4      | Reached * piety under Hepliaklqana
  3109 | D:4      | Reached XP level 7. HP: 34/54 MP: 7/7
  3408 | D:5      | Entered Level 5 of the Dungeon
  3477 | D:5      | Found a snail-covered altar of Cheibriados.
  3485 | D:5      | Got a twisted short sword
  3486 | D:5      | Identified the +7 short sword of Understanding {pierce,
                  | rC+} (You found it on level 5 of the Dungeon)
  3535 | D:5      | Found a burning altar of Makhleb.
  3535 | D:5      | Found a glowing silver altar of Zin.
  3536 | D:5      | Noticed an angel
  3536 | D:5      | Noticed a cacodemon
  3731 | D:5      | Reached skill level 7 in Maces & Flails
  3866 | D:5      | Got a transparent mace
  3868 | D:5      | Identified the +3 mace of Painful Death {freeze, rC- MR+++
                  | Int-5 Stlth+} (You found it on level 5 of the Dungeon)
  4495 | D:6      | Reached skill level 5 in Armour
  4575 | D:6      | Reached ** piety under Hepliaklqana
  4576 | D:6      | Remembered your ancestor Ara as a hexer
  4600 | D:6      | Reached XP level 8. HP: 62/63 MP: 8/8
  4649 | D:6      | Reached skill level 5 in Shields
  4678 | D:6      | Noticed a freezing wraith
  4678 | D:6      | Noticed a phantasmal warrior
  4679 | D:6      | Noticed a death knight
  4680 | D:6      | Noticed a freezing wraith
  4703 | D:6      | Slain by a freezing wraith

Skill      XL: |  1  2  3  4  5  6  7  8 |
---------------+-------------------------+-----
Maces & Flails | 3 4 5 6 7 |  7.6
Fighting       | 4 5 6 |  6.1
Dodging        | 1 2 3 |  3.0
Shields        | 4 5 |  5.0
Armour         | 4 5 |  5.0
Invocations    | 1 2 |  2.6

Action                   |  1- 3 |  4- 6 |  7- 9 || total
-------------------------+-------+-------+-------++-------
Melee: Flail             |    72 |    98 |    22 ||   192
       Headbutt          |    13 |    23 |     9 ||    45
       Mace              |       |       |    20 ||    20
       Short sword       |       |       |     4 ||     4
 Fire: Hunting sling     |     4 |       |     2 ||     6
Invok: Ancestor Identity |       |     1 |       ||     1
       Recall Ancestor   |       |       |     1 ||     1
       Ancestor Life: He |       |       |     1 ||     1
  Eat: Chunk             |       |     7 |     5 ||    12
Armor: Scale mail        |    31 |    45 |    11 ||    87
       Chain mail        |       |       |     6 ||     6
Dodge: Dodged            |    27 |    21 |     8 ||    56
Block: Shield            |    37 |    53 |    18 ||   108
